Map: 16-Bit LE

Players

Truth - Winner!

  • Race: Terran Terran
  • Spawn Location: 1:00

TheoRy

  • Race: Protoss Protoss
  • Spawn Location: 7:00

Event: WCS Austin 2018

VOD

Have the link to the VOD?

Description

Time

  • Played on: June 1, 2018, 2:54 p.m.
  • Length: 6:09

All games in this series

Show
View Real Time Build Order
Export as new Build Order

Truth Terran - Winner!

Build Orders: Reaper Expand 

Get SALT Encoding   

  12  0:00  SCV  
  13  0:13  SCV  
  14  0:17  Supply Depot  
  14  0:25  SCV  
  15  0:29  Refinery  
  15  0:39  SCV  
  16  0:45  Barracks  
  16  0:51  SCV  
  17  1:03  SCV  
  18  1:15  SCV  
  19  1:33  Orbital Command  
  19  1:35  Reaper  
  20  1:49  Command Center  
  20  2:00  SCV  
  21  2:02  Supply Depot  
  21  2:07  Barracks Reactor  
  21  2:12  SCV  
  22  2:21  Factory  
  22  2:26  SCV  
  22  2:29  Refinery  
  23  2:38  SCV  
  23  2:43  Marine x2  
  26  2:52  Factory  
  26  2:54  SCV  
  27  3:01  Marine x2  
  27  3:03  Orbital Command  
  29  3:12  Cyclone  
  32  3:14  SCV  
  33  3:20  Marine x2  
  35  3:30  SCV x2  
  37  3:36  Cyclone  
  37  3:40  Refinery  
  40  3:44  Marine x2  
  40  3:45  SCV  
  42  3:49  Cyclone  
  42  3:52  SCV  
  46  4:02  Supply Depot  
  46  4:08  Marine x2  
  48  4:12  Cyclone  
  48  4:15  SCV x2  
  53  4:19  Supply Depot  
  53  4:24  Cyclone  
  56  4:27  SCV  
  56  4:28  SCV  
  58  4:39  SCV  
  58  4:40  SCV  
  58  4:41  Marine x2  
  62  4:50  Cyclone  
  62  4:51  SCV  
  66  4:57  Cyclone  
  66  4:59  SCV  
  70  5:23  SCV  
  70  5:27  Marine x2  
  69  5:32  Cyclone  
  70  5:44  Supply Depot, SCV x2  
  70  5:45  Marine x2  
  71  5:56  SCV  
Show
View Real Time Build Order
Export as new Build Order

TheoRy Protoss 

Build Orders: 1 Gate Expand 

Get SALT Encoding   

  12  0:00  Probe  
  13  0:12  Probe  
  14  0:18  Pylon  
  14  0:24  Probe  
  15  0:32  Probe  
  15  0:39  Gateway  
  15  0:40  Probe  
  16  0:48  Assimilator  
  17  0:51  Probe  
  18  1:03  Probe  
  19  1:23  Nexus  
  19  1:26  Probe  
  20  1:36  Cybernetics Core  
  20  1:39  Probe  
  21  1:51  Assimilator  
  21  1:55  Pylon  
  21  1:56  Probe  
  22  2:05  Adept  
  22  2:06  Probe  
  23  2:14  Probe  
  25  2:22  Probe  
  26  2:25  Pylon  
  27  2:30  Stargate, Adept  
  27  2:36  Probe  
  28  2:41  Probe  
  31  2:48  Warp Gate  
  31  2:49  Probe  
  32  2:53  Probe  
  33  3:01  Probe  
  33  3:02  Shield Battery  
  33  3:03  Stalker  
  33  3:05  Probe  
  37  3:13  Robotics Facility  
  37  3:14  Probe  
  37  3:16  Probe  
  39  3:22  Probe  
  40  3:28  Probe  
  41  3:36  Probe  
  41  3:40  Probe  
  43  3:44  Probe  
  43  3:50  Assimilator  
  43  3:51  Pylon  
  43  3:52  Assimilator, Probe x2  
  43  3:55  Shield Battery  
  45  4:02  Gateway  
  46  4:03  Observer  
  46  4:04  Probe  
  46  4:05  Robotics Bay  
  48  4:10  Probe  
  48  4:16  Probe  
  50  4:19  Gateway  
  50  4:21  Observer  
  50  4:22  Probe  
  51  4:28  Probe  
  53  4:36  Immortal  
  53  4:38  Twilight Council, Forge  
  57  4:53  Nexus  
  57  4:56  Pylon  
  57  5:01  Sentry  
  57  5:04  Stalker  
  61  5:17  Pylon  
  61  5:18  Pylon  
  61  5:21  Pylon  
  61  5:22  Pylon  
  61  5:25  Disruptor  
  62  5:30  Stalker  
  36  5:56  Zealot  
Tags
 
Add a new tag
Caveats
  • Supply blocks, unpowered buildings, or Contaminate may cause inaccurate times.
  • Supply counts are checked every 10 seconds.